 Dungeon Crawl Stone Soup version 0.29.1-4-g47bece8355 (webtiles) character file.

Game seed: 16238078381993572029

163 Radix the Cudgeller (level 5, -2/40 HPs)
             Began as a Palentonga Warper on Dec 12, 2022.
             Killed from afar by Blork the orc (6 damage)
             ... with a puff of frost
             ... on level 4 of the Dungeon.
             The game lasted 00:44:38 (3514 turns).

Radix the Cudgeller (Palentonga Warper)             Turns: 3514, Time: 00:44:38

Health: -2/40      AC: 10    Str: 19    XL:     5   Next: 20%
Magic:  0/0        EV:  9    Int: 13    God:
Gold:   149        SH:  0    Dex:  9    Spells: 8/8 levels left

rFire   . . .      SeeInvis +   a - +0 mace
rCold   . . .      Faith    .   (no shield)
rNeg    . . .      Spirit   .   r - +2 leather armour "Luat" {Rampage MP-9 SInv}
rPois   .          Reflect  .   (no helmet)
rElec   .          Harm     .   (no cloak)
rCorr   .          Rampage  +   (no gloves)
Will    .....                   (no barding)
Stlth   +.........              (no amulet)
HPRegen 0.13/turn               d - ring of see invisible
MPRegen 0.07/turn               i - +4 ring of protection

@: no status effects
A: large, rugged brown scales 3, see invisible, deformed body, roll 1, armoured
tail
a: Rolling Charge


You were on level 4 of the Dungeon.
You visited 1 branch of the dungeon, and saw 4 of its levels.

You collected 149 gold pieces.

Inventory:

Hand Weapons
 a - a +0 mace (weapon)
 c - a +0 short sword
 k - a +0 sling
 w - a +0 war axe
Missiles
 l - 2 stones
 v - 2 poisoned darts (quivered)
Armour
 b - a +0 leather armour
 g - a +0 leather armour
 q - a +0 ring mail
 r - the +2 leather armour "Luat" (worn) {Rampage MP-9 SInv}
   (You found it on level 3 of the Dungeon)

   MP:        It affects your magic capacity (-9).
   SInv:      It lets you see invisible.
   Rampage:   It bestows one free step when moving towards enemies.
Magical Staves
 u - a staff of air
Jewellery
 d - a ring of see invisible (left hand)
 i - a +4 ring of protection (right hand)
Scrolls
 e - a scroll of enchant weapon {unknown}
 h - a scroll of enchant armour {unknown}
 j - a scroll of immolation {unknown}
 n - 8 scrolls of identify {unknown}
 p - a scroll of fear {unknown}
 t - 3 scrolls of torment {unknown}
Potions
 f - a potion of heal wounds {unknown}
 m - a potion of cancellation {unknown}
 o - a potion of might {unknown}


   Skills:
 + Level 2.2 Fighting
 + Level 3.6 Maces & Flails
 + Level 1.0 Throwing
 + Level 2.0 Armour
 + Level 2.2 Dodging
 + Level 0.1 Stealth
 + Level 2.0 Spellcasting
 + Level 3.4 Translocations


You had 8 spell levels left.
You didn't know any spells.
Your spell library contained the following spells:

 Spells                   Type           Power      Damage    Failure   Level
 Blink                    Tloc           20%        N/A       11%         2
 Gell's Gravitas          Tloc           10%        N/A       22%         3
 Lesser Beckoning         Tloc           10%        N/A       22%         3
 Teleport Other           Tloc           10%        N/A       22%         3
 Manifold Assault         Tloc           10%        N/A       90%         5


Dungeon Overview and Level Annotations

Branches:
Dungeon (4/15)
 Temple: D:4-7

Altars:

Annotations:
D:4 Blork the orc


Innate Abilities, Weirdness & Mutations

You are completely covered in rugged brown scales. (AC +3, +7% HP)
You have supernaturally acute eyesight. (SInv)
Armour fits poorly on your strangely shaped body.
You can roll at nearby foes to attack.
You have a long armoured tail.


Message History

Found a dark potion.
Blork the orc comes into view.
He is wielding a +0 mace and carrying a wand of light (10).
Blork the orc shouts!
Blork the orc zaps a wand.
The bolt of light hits you!
You see here a dark potion.
Blork the orc zaps a wand.
The bolt of light hits you!
You are confused.
You see here a dark potion.
Non-targeted confused throw: 5 darts (poison)
Press: ? - help, Q - select action, (/) - cycle Dir - look around, f - activate You throw a poisoned dart.
Blork the orc gestures at you while chanting.
The puff of frost hits you.
You bump into the rock wall.
Non-targeted confused throw: 4 darts (poison)
Press: ? - help, Q - select action, (/) - cycle Dir - look around, f - activate You throw a poisoned dart.
You feel less confused.
Blork the orc screams, "Die!"
Blork the orc points at you and mumbles some strange words.
The magic dart hits you.
Throw: 3 darts (poison)
Press: ? - help, Q - select action, (/) - cycle Shift-Dir - straight line, f - Blork the orc
Aim: Blork the orc, wielding a +0 mace, wearing a +0 robe and carrying a wand of light (8) (58% to hit)
You throw a poisoned dart. The poisoned dart hits Blork the orc.
Blork the orc is poisoned.
You feel better. Blork the orc hits you with a +0 mace.
You barely miss Blork the orc. You tail-slap Blork the orc!
Blork the orc is heavily wounded.
Blork the orc gestures at you while chanting.
The magic dart hits you.
You closely miss Blork the orc.
Your tail-slap misses Blork the orc.
Blork the orc is heavily wounded.
Blork the orc zaps a wand.
The bolt of light hits you!
* * * LOW HITPOINT WARNING * * *
You hit Blork the orc. You tail-slap Blork the orc.
Blork the orc is almost dead.
Blork the orc points at you and mumbles some strange words.
The puff of frost hits you.
You die...

## ... # .. .. .. ... .##
.... ..###.#
#...#####.....# .#
#...#....# ... .##
#(o@...###.. ..
#..##...##.##.# .
#.####........# ..# ##
#.#.#..##.....## ...#.#
##.>.....##.....# ###
.<...##........#...#..###.#
#..............##.......
######.............#
#......
##..................##
#....


You could see Blork the orc (poisoned).

Vanquished Creatures
  An orc wizard (D:4)
  7 adders
  2 worms (D:2)
  2 dart slugs (D:1)
  4 orcs (D:4)
  4 endoplasms
  5 giant cockroaches
  6 goblins
  5 hobgoblins
  3 jackals (D:1)
  6 kobolds
  2 quokkas (D:1)
  4 ball pythons
  5 bats
  6 frilled lizards
  A rat (D:1)
63 creatures vanquished.

Notes
Turn   | Place    | Note
-------+----------+-------------------------------------------
     0 | D:1      | Radix the Palentonga Warper began the quest for the Orb.
     0 | D:1      | Reached XP level 1. HP: 17/17 MP: 3/3
    99 | D:1      | Reached skill level 1 in Armour
   115 | D:1      | Reached XP level 2. HP: 6/23 MP: 5/5
   143 | D:1      | HP: 1/23 [kobold/+0 short sword (3)]
   163 | D:1      | HP: 1/23 [bat (1)]
   174 | D:1      | HP: 1/23 [bat (1)]
   639 | D:1      | Found a faded altar of an unknown god.
   959 | D:2      | Reached XP level 3. HP: 21/28 MP: 6/6
  2308 | D:3      | Reached XP level 4. HP: 15/35 MP: 7/7
  2987 | D:3      | Identified the +2 leather armour "Luat" {Rampage MP-9 SInv}
  3235 | D:4      | Reached XP level 5. HP: 27/40 MP: 0/8
  3308 | D:4      | Reached skill level 1 in Throwing
  3503 | D:4      | Noticed Blork the orc
  3514 | D:4      | Killed from afar by Blork the orc

Illustrated notes

Levels and vault maps discovered:
D:1:      dpeg_arrival_more_subterranean_lakeside_camping, layout_rooms,
          shapermc_ecumenical_altar_mp_highgroup, grunt_decor_junction
D:2:      minmay_inner_zag, layout_loops_corners
D:3:      layout_basic, serial_shops, shop
D:4:      layout_cave_pools, mainiacjoe_overflow_big_doors,
          kennysheep_another_room, chequers_hall_statues_corner_a,
          uniq_blork_the_orc

Skill      XL: |  1  2  3  4  5 |
---------------+----------------+-----
Armour         | 1 2 |  2.0
Dodging        | 2 |  2.2
Maces & Flails | 3 |  3.6
Throwing       | 1 |  1.0
Fighting       | |  2.2
Stealth        | |  0.1
Spellcasting   | |  2.0
Translocations | |  3.4

Action                   |  1- 3 |  4- 6 || total
-------------------------+-------+-------++-------
Melee: Mace              |   146 |    69 ||   215
       Tailslap          |    11 |    10 ||    21
       Punch             |       |     1 ||     1
Throw: Boomerang         |     7 |       ||     7
       Dart              |       |    17 ||    17
       Stone             |       |    16 ||    16
  Use: Potion            |     2 |     1 ||     3
       Scroll            |     1 |       ||     1
Armor: Leather armour    |    68 |    44 ||   112
       Ring mail         |       |     9 ||     9
Dodge: Dodged            |    92 |    37 ||   129
